 Dungeon Crawl Stone Soup version 0.28.0-43-g3370ac3207 (webtiles) character file.

Game seed: 10794106196393229206

609 Ablot the Grasshopper (level 7, -11/56 HPs)
             Began as a Gnoll Warper on Mar 6, 2022.
             Was a Believer of Elyvilon.
             Mangled by Duvessa
             ... wielding a +0 short sword
              (14 damage)
             ... on level 5 of the Dungeon.
             The game lasted 00:06:09 (4510 turns).

Ablot the Grasshopper (Gnoll Warper)                Turns: 4510, Time: 00:06:11

Health: -11/56     AC:  8    Str: 12    XL:     7   Next: 43%
Magic:  24/24      EV: 12    Int: 12    God:    Elyvilon [**....]
Gold:   217        SH:  0    Dex: 12    Spells: 14/17 levels left

rFire   . . .      SeeInvis .   a - +1 trident (venom)
rCold   . . .      Faith    .   (no shield)
rNeg    . . .      Spirit   .   b - +2 ring mail {rPois}
rPois   +          Reflect  .   (no helmet)
rElec   .          Harm     .   (no cloak)
rCorr   .          Rampage  .   (no gloves)
Will    +....                   r - +0 pair of boots
Stlth   +.........              v - amulet of regeneration
HPRegen 0.98/turn               l - ring of magical power
MPRegen 0.19/turn               z - ring of willpower

@: no status effects
A: fangs 1, strong nose, distributed training
a: Renounce Religion, Purification, Heal Other


You were on level 5 of the Dungeon.
You worshipped Elyvilon.
Elyvilon was pleased with you.
You visited 1 branch of the dungeon, and saw 6 of its levels.

You collected 217 gold pieces.

Inventory:

Hand Weapons
 a - a +1 trident of venom (weapon)
 w - a +2 flail of holy wrath
Missiles
 d - 5 boomerangs of dispersal
 f - 74 sling bullets
 i - 73 arrows
 k - 99 stones
 m - 7 poisoned darts (quivered)
 y - a throwing net
 A - 3 javelins
 F - 6 boomerangs
Armour
 b - a +2 ring mail of poison resistance (worn)
 r - a +0 pair of boots (worn)
Magical Staves
 C - a staff of earth
 H - a staff of poison
Jewellery
 l - a ring of magical power (left hand)
 v - an amulet of regeneration (around neck)
 z - a ring of willpower (right hand)
Wands
 B - a wand of paralysis (4)
 G - a wand of polymorph (12)
Scrolls
 c - a scroll of blinking
 g - a scroll of immolation {unknown}
 h - 3 scrolls of identify {unknown}
 t - a scroll of enchant weapon {unknown}
 u - a scroll of noise {unknown}
 D - a scroll of magic mapping {unknown}
Potions
 e - a potion of lignification {unknown}
 j - 2 potions of brilliance {unknown}
 n - a potion of haste {unknown}
 o - a potion of resistance {unknown}
 p - 2 potions of curing {unknown}
 q - 2 potions of invisibility {unknown}
 s - a potion of ambrosia {unknown}
 x - a potion of heal wounds {unknown}
 E - a potion of might {unknown}


   Skills:
 + Level 5.2 Fighting
 + Level 2.5 Short Blades
 + Level 2.5 Long Blades
 + Level 2.5 Axes
 + Level 2.5 Maces & Flails
 + Level 5.2 Polearms
 + Level 2.5 Staves
 + Level 2.5 Slings
 + Level 2.5 Bows
 + Level 2.5 Crossbows
 + Level 3.6 Throwing
 + Level 3.6 Armour
 + Level 5.2 Dodging
 + Level 2.5 Stealth
 + Level 2.5 Shields
 + Level 2.5 Unarmed Combat
 + Level 5.6 Spellcasting
 + Level 2.0 Conjurations
 + Level 2.0 Hexes
 + Level 2.0 Summonings
 + Level 2.0 Necromancy
 + Level 5.8 Translocations
 + Level 2.0 Transmutations
 + Level 2.0 Fire Magic
 + Level 2.0 Ice Magic
 + Level 2.0 Air Magic
 + Level 2.0 Earth Magic
 + Level 2.0 Poison Magic
 + Level 2.7 Invocations
 + Level 2.5 Evocations


You had 14 spell levels left.
You knew the following spells:

 Your Spells              Type           Power      Damage    Failure   Level
a - Blink                 Tloc           34%        N/A       5%          2
b - Sting                 Tmut/Pois      32%        1d4       17%         1

Your spell library contained the following spells:

 Spells                   Type           Power      Damage    Failure   Level
 Apportation              Tloc           34%        N/A       3%          1
 Gell's Gravitas          Tloc           17%        N/A       11%         3
 Lesser Beckoning         Tloc           17%        N/A       11%         3
 Teleport Other           Tloc           17%        N/A       11%         3
 Animate Skeleton         Necr           16%        N/A       17%         1
 Summon Small Mammal      Summ           32%        N/A       17%         1
 Poisonous Vapours        Pois/Air       16%        N/A       26%         2
 Manifold Assault         Tloc           17%        N/A       69%         5
 Olgreb's Toxic Radiance  Pois           8%         N/A       86%         4


Dungeon Overview and Level Annotations

Branches:
Dungeon (6/15)
 Temple: D:4-7

Altars:
Ashenzari
Elyvilon
Okawaru

Annotations:
D:5 Duvessa


Innate Abilities, Weirdness & Mutations

You have very sharp teeth.
Your uncanny sense of smell can sniff out nearby items.
Your experience applies equally to all skills.


Message History

Unknown command.
You puncture Duvessa!
Duvessa looks as sick as possible!
Duvessa is severely wounded.
Duvessa hits you but does no damage. Duvessa hits you with a +0 short sword.
You barely miss Duvessa. Your bite misses Duvessa.
Duvessa is almost dead.
Duvessa hits you but does no damage.
You hit Duvessa but do no damage.
Duvessa is almost dead.
Duvessa hits you but does no damage. Duvessa hits you with a +0 short sword!
Dowan hits you with a +0 dagger.
You hit Duvessa but do no damage.
Duvessa is almost dead.
Duvessa misses you. Dowan barely misses you.
Duvessa hits you with a +0 short sword.
Unknown command.
You puncture Dowan!
Dowan looks as sick as possible!
Dowan is heavily wounded.
Duvessa barely misses you. Dowan casts a spell at you.
The puff of frost hits you.
Unknown command.
You barely miss Duvessa.
Duvessa is almost dead.
Duvessa hits you with a +0 short sword! Duvessa barely misses you.
Dowan hits you with a +0 dagger.
* * * LOW HITPOINT WARNING * * *
Unknown command.
You barely miss Duvessa.
Duvessa is almost dead.
Duvessa hits you but does no damage. Dowan misses you.
Unknown command.
You hit Duvessa but do no damage.
Duvessa looks as sick as possible!
Duvessa is almost dead.
You kill Dowan!
Duvessa screams in rage.
Duvessa goes berserk!
Duvessa hits you with a +0 short sword!
* * * LOW HITPOINT WARNING * * *
Duvessa hits you with a +0 short sword!
You die...

∆ ####### ##.....#
#......##### ##
##.....##..##
.##.. #........>.#
......#e.........+
(.((.()@.........#
##################


You could see Duvessa (berserk, fast, extremely poisoned).

Vanquished Creatures
  3 black bears (D:4)
  An ogre (D:4)
  Blork the orc (D:5)
  A scorpion (D:4)
  Dowan (D:5)
  A centaur zombie (D:6)
  2 adders
  A white imp (D:6)
  2 dart slugs (D:1)
  5 orcs
  7 ball pythons
  6 endoplasms
  3 giant cockroaches
  4 goblins
  6 hobgoblins
  6 jackals (D:3)
  5 kobolds
  A quokka (D:3)
  4 bats
  4 frilled lizards
  2 rats
66 creatures vanquished.

Vanquished Creatures (others)
  2 plants (D:1)
2 creatures vanquished.

Grand Total: 68 creatures vanquished

Notes
Turn   | Place    | Note
-------+----------+-------------------------------------------
     0 | D:1      | Ablot the Gnoll Warper began the quest for the Orb.
     0 | D:1      | Reached XP level 1. HP: 20/20 MP: 6/6
   382 | D:1      | Reached XP level 2. HP: 25/26 MP: 7/7
   385 | D:1      | Learned a level 2 spell: Blink
   797 | D:1      | Found a faded altar of an unknown god.
  1712 | D:2      | Reached XP level 3. HP: 25/31 MP: 9/9
  1829 | D:2      | Reached skill level 5 in Spellcasting
  1900 | D:2      | Learned a level 1 spell: Sting
  2263 | D:3      | Found a broken altar of Ashenzari.
  2270 | D:3      | Reached skill level 1 in Invocations
  2458 | D:3      | Reached skill level 1 in Short Blades
  2458 | D:3      | Reached skill level 1 in Long Blades
  2458 | D:3      | Reached skill level 1 in Axes
  2458 | D:3      | Reached skill level 1 in Maces & Flails
  2458 | D:3      | Reached skill level 1 in Staves
  2458 | D:3      | Reached skill level 1 in Slings
  2458 | D:3      | Reached skill level 1 in Bows
  2458 | D:3      | Reached skill level 1 in Crossbows
  2458 | D:3      | Reached skill level 1 in Stealth
  2458 | D:3      | Reached skill level 1 in Shields
  2458 | D:3      | Reached skill level 1 in Unarmed Combat
  2458 | D:3      | Reached skill level 1 in Evocations
  2604 | D:3      | Found a white marble altar of Elyvilon.
  2652 | D:3      | Became a worshipper of Elyvilon the Healer
  2777 | D:3      | Found an iron altar of Okawaru.
  2799 | D:3      | Reached XP level 4. HP: 36/38 MP: 11/11
  3068 | D:4      | Noticed an ogre
  3286 | D:4      | Noticed a black bear
  3291 | D:4      | Noticed a black bear
  3303 | D:4      | Killed a black bear
  3304 | D:4      | Reached skill level 1 in Conjurations
  3304 | D:4      | Reached skill level 1 in Hexes
  3304 | D:4      | Reached skill level 1 in Summonings
  3304 | D:4      | Reached skill level 1 in Necromancy
  3304 | D:4      | Reached skill level 1 in Transmutations
  3304 | D:4      | Reached skill level 1 in Fire Magic
  3304 | D:4      | Reached skill level 1 in Ice Magic
  3304 | D:4      | Reached skill level 1 in Air Magic
  3304 | D:4      | Reached skill level 1 in Earth Magic
  3304 | D:4      | Reached skill level 1 in Poison Magic
  3304 | D:4      | Reached XP level 5. HP: 34/43 MP: 12/12
  3350 | D:4      | Killed a black bear
  3351 | D:4      | Reached XP level 6. HP: 48/50 MP: 13/13
  3391 | D:4      | Reached * piety under Elyvilon
  3605 | D:4      | Reached skill level 5 in Fighting
  3605 | D:4      | Reached skill level 5 in Polearms
  3605 | D:4      | Reached skill level 5 in Dodging
  3875 | D:4      | Noticed a black bear
  3902 | D:4      | Killed a black bear
  3903 | D:4      | Reached XP level 7. HP: 34/56 MP: 15/15
  4163 | D:5      | Entered Level 5 of the Dungeon
  4255 | D:5      | Reached ** piety under Elyvilon
  4360 | D:5      | Noticed Blork the orc
  4375 | D:5      | Killed Blork the orc
  4432 | D:5      | You fall into a shaft and drop 1 floor!
  4490 | D:5      | Noticed Duvessa
  4490 | D:5      | Noticed Dowan
  4510 | D:5      | Killed Dowan
  4510 | D:5      | Mangled by Duvessa

Illustrated notes

Levels and vault maps discovered:
D:1:      minmay_arrival_five_plusses, layout_basic, serial_forest,
          infiniplex_forest_clump_medium, infiniplex_forest_clump_curved,
          infiniplex_forest_lined_room_3, infiniplex_forest_end_2,
          infiniplex_forest_straight_2, dilly_ecumenical_altar_fadedgnrine
D:2:      layout_rooms, minmay_misc_feat_enclosed
D:3:      layout_basic, okawaru_metal_pillars_1_2, amcnicky_altar_gilded,
          cheibrodos_ashenzari_chains, chequers_mini_garden
D:4:      layout_loops_corners
D:5:      layout_gridville, serial_shops, shop_fountains, uniq_duvessa,
          uniq_blork_the_orc
D:6:      layout_cave_pools, mainiacjoe_overflow_six_doors_small,
          mainiacjoe_overflow_catwalk, serial_shops, shop, minivault_1,
          minivault_22, nrook_mini_vaults

Skill      XL: |  1  2  3  4  5  6  7 |
---------------+----------------------+-----
Spellcasting   | 5 |  5.6
Invocations    | 1 2 |  2.7
Short Blades   | 1 2 |  2.5
Long Blades    | 1 2 |  2.5
Axes           | 1 2 |  2.5
Maces & Flails | 1 2 |  2.5
Staves         | 1 2 |  2.5
Slings         | 1 2 |  2.5
Bows           | 1 2 |  2.5
Crossbows      | 1 2 |  2.5
Stealth        | 1 2 |  2.5
Shields        | 1 2 |  2.5
Unarmed Combat | 1 2 |  2.5
Evocations     | 1 2 |  2.5
Throwing       | 3 |  3.6
Armour         | 3 |  3.6
Conjurations   | 1 2 |  2.0
Hexes          | 1 2 |  2.0
Summonings     | 1 2 |  2.0
Necromancy     | 1 2 |  2.0
Transmutations | 1 2 |  2.0
Fire Magic     | 1 2 |  2.0
Ice Magic      | 1 2 |  2.0
Air Magic      | 1 2 |  2.0
Earth Magic    | 1 2 |  2.0
Poison Magic   | 1 2 |  2.0
Fighting       | 5 |  5.2
Polearms       | 5 |  5.2
Dodging        | 5 |  5.2
Translocations | |  5.8

Action                   |  1- 3 |  4- 6 |  7- 9 || total
-------------------------+-------+-------+-------++-------
Melee: Spear             |    96 |       |       ||    96
       Bite              |     9 |     6 |     4 ||    19
       Punch             |     3 |       |       ||     3
       Trident           |    77 |    47 |    26 ||   150
Throw: Dart              |       |    20 |    10 ||    30
 Stab: Sleeping          |     4 |       |       ||     4
Armor: Leather armour    |    37 |       |       ||    37
       Ring mail         |     9 |    40 |    10 ||    59
Dodge: Dodged            |    83 |    43 |    16 ||   142
